 Dungeon Crawl Stone Soup version 0.27-a0-1084-g78b3836a5f (webtiles) character file.

Game seed: 10255908769820497981

73 tsouns the Firebug (level 4, -1/30 HPs)
             Began as a Demonspawn Fire Elementalist on Apr 26, 2021.
             Was an Initiate of Gozag.
             Slain by Crazy Yiuf
             ... wielding a +3 quarterstaff of chaos
              (11 damage)
             ... on level 2 of the Dungeon.
             The game lasted 00:03:19 (2461 turns).

tsouns the Firebug (Demonspawn Fire Elementalist)   Turns: 2461, Time: 00:03:19

Health: -1/30      AC:  2    Str:  9    XL:     4   Next: 8%
Magic:  7/8        EV: 12    Int: 17    God:    Gozag
Gold:   220        SH:  0    Dex: 13    Spells: 7/8 levels left

rFire    . . .     SeeInvis .   g - +3 spear
rCold    . . .     Faith    .   (no shield)
rNeg     . . .     Spirit   .   a - +0 robe
rPois    .         Reflect  .   (helmet restricted)
rElec    .         Harm     .   (no cloak)
rCorr    .         Rampage  .   (no gloves)
Will     .....                  (no boots)
Stlth    ++........             (no amulet)
HPRegen  0.10/turn              (no ring)
MPRegen  0.11/turn              (no ring)

@: no status effects
A: antennae 2
a: Renounce Religion, Potion Petition, Call Merchant, Bribe Branch


You were on level 2 of the Dungeon.
You worshipped Gozag.
Gozag was aware of your devotion.
You visited 1 branch of the dungeon, and saw 2 of its levels.

You collected 220 gold pieces.

Inventory:

Hand Weapons
 b - a +0 short sword
 g - a +3 spear (weapon)
Missiles
 h - 5 atropa-tipped darts
Armour
 a - a +0 robe (worn)
Jewellery
 l - a +4 ring of protection
Scrolls
 d - 2 scrolls of identify
 i - a scroll of enchant armour {unknown}
 j - a scroll of noise {unknown}
Potions
 c - a potion of curing
 e - a potion of flight {unknown}
 f - a potion of lignification {unknown}
 k - a potion of haste {unknown}


   Skills:
 - Level 1.7 Dodging
 - Level 1.7 Stealth
 + Level 2.8 Spellcasting
 + Level 2.3 Conjurations
 + Level 3.4 Fire Magic


You had 7 spell levels left.
You knew the following spells:

 Your Spells              Type           Power      Damage    Failure   Level
a - Foxfire               Conj/Fire      48%        2x1d6     5%          1

Your spell library contained the following spells:

 Spells                   Type           Power      Damage    Failure   Level
 Conjure Flame            Conj/Fire      12%        6-21      16%         3
 Inner Flame              Hex/Fire       8%         N/A       26%         3
 Sticky Flame             Conj/Fire      12%        2d4       47%         4
 Fireball                 Conj/Fire      6%         3d5       83%         5


Dungeon Overview and Level Annotations

Branches:
Dungeon (2/15)

Altars:
Gozag
Nemelex Xobeh

Annotations:
D:2 Crazy Yiuf


Innate Abilities, Weirdness & Mutations

You have a pair of antennae on your head.


Message History

The foxfire hits Crazy Yiuf but does no damage.
Crazy Yiuf is heavily wounded.
The foxfire hits Crazy Yiuf.
Crazy Yiuf is heavily wounded.
Okay, then.
As you read the scroll labelled YBE QOTOBEMUYNG, it crumbles to dust.
It is a scroll of identify.
c - a potion of curing Crazy Yiuf whimpers, "Dawk leg mumblescurry!"
Crazy Yiuf closely misses you.
Things that are here:
6 gold pieces; a +0 club Crazy Yiuf glowers.
Crazy Yiuf laughs, "Seed tired arm!"
Crazy Yiuf waves his quarterstaff at you.
Things that are here:
6 gold pieces; a +0 club Crazy Yiuf says, "Powder rumpyflump high!"
Crazy Yiuf cries, "You leg down broken song, no?"
Crazy Yiuf flaps his cloak.
Crazy Yiuf grits, "Gum pontify sing-song!"
Things that are here:
6 gold pieces; a +0 club Crazy Yiuf screams, "Cake!"
Casting: Foxfire (safe; 5% risk of failure)
Confirm with . or Enter, or press ? or * to list all spells.
You conjure some foxfire!
The foxfire hits Crazy Yiuf.
Crazy Yiuf is heavily wounded.
Unknown command.
The foxfire hits Crazy Yiuf but does no damage.
Crazy Yiuf is heavily wounded.
You now have 220 gold pieces (gained 6).
You see here a +0 club.
Crazy Yiuf sings, "Trees, trees, trees, circus!"
Casting: Foxfire (safe; 5% risk of failure)
Confirm with . or Enter, or press ? or * to list all spells.
You conjure some foxfire!
Crazy Yiuf hits you with a +3 quarterstaff of chaos!
You die...
Your body crumbles into a pile of gold.

### #####.#....#
#.#....####
♣♣♣♣♣##.........#
♣♣♣.♣..+..........#
#♣..♣..............#
'.♣♣♣♣..........####
#♣♣ ♣♣.+..........#
♣♣##.....vv#)#
##....#@#.#
#....#g#.#
#.#....#.#
#.#.#..#.# #+#
#.#.#..#.# #.#
#......#.# #.#
###......# ##.##
###.####
#...###########.#


You could see Crazy Yiuf (ally target).

Vanquished Creatures
  Natasha (D:2)
  2 adders (D:2)
  4 ball pythons
  3 endoplasms (D:1)
  A goblin (D:2)
  2 hobgoblins
  7 jackals
  4 kobolds (D:1)
  A quokka (D:1)
  A bat (D:2)
  2 frilled lizards
  4 rats (D:2)
32 creatures vanquished.

Vanquished Creatures (collateral kills)
  2 foxfires (D:1)
2 creatures vanquished.

Vanquished Creatures (others)
  67 foxfires
67 creatures vanquished.

Grand Total: 101 creatures vanquished

Notes
Turn   | Place    | Note
-------+----------+-------------------------------------------
     0 | D:1      | tsouns the Demonspawn Fire Elementalist began the quest for
                  | the Orb.
     0 | D:1      | Reached XP level 1. HP: 13/13 MP: 3/3
   288 | D:1      | Gained mutation: You have a pair of small antennae on your
                  | head. [demonic ancestry]
   288 | D:1      | Reached XP level 2. HP: 19/19 MP: 1/5
   347 | D:1      | Found a faded altar of an unknown god.
   395 | D:1      | Became a worshipper of Gozag Ym Sagoz the Greedy
  1032 | D:1      | Reached skill level 3 in Fire Magic
  1510 | D:2      | Gained mutation: You have a pair of antennae on your head.
                  | [demonic ancestry]
  1510 | D:2      | Reached XP level 3. HP: 17/24 MP: 1/6
  1782 | D:2      | Noticed Natasha
  1787 | D:2      | Killed Natasha
  1892 | D:2      | Reached XP level 4. HP: 30/30 MP: 4/8
  1987 | D:2      | Found a sparkling altar of Nemelex Xobeh.
  2325 | D:2      | Found a runed translucent door.
  2326 | D:2      | Noticed Crazy Yiuf
  2461 | D:2      | Slain by Crazy Yiuf

Illustrated notes

Levels and vault maps discovered:
D:1:      kennysheep_arrival_forest, layout_basic, serial_forest,
          infiniplex_forest_straight_4, infiniplex_forest_corner_1,
          infiniplex_forest_clump_cross, infiniplex_forest_straight_3,
          infiniplex_forest_lined_2, infiniplex_forest_straight_2,
          basic_ecumenical_altar
D:2:      layout_loops_corners, basic_altar, uniq_natasha,
          uniq_crazy_yiuf_cottage

Skill      XL: |  1  2  3 |
---------------+----------+-----
Fire Magic     | 3 |  3.4
Conjurations   | 2 |  2.3
Dodging        | |  1.7
Stealth        | |  1.7
Spellcasting   | |  2.8

Action                   |  1- 3 |  4- 6 || total
-------------------------+-------+-------++-------
Melee: Unarmed           |     3 |       ||     3
       Spear             |    34 |     5 ||    39
 Cast: Foxfire           |    38 |     6 ||    44
  Use: Scroll            |       |     1 ||     1
 Stab: Sleeping          |     2 |     1 ||     3
Armor: Robe              |     9 |       ||     9
Dodge: Dodged            |    24 |     2 ||    26

Table legend: (Time is in decaauts)
 A = Elapsed time spent in this place.
 B = Non-inter-level travel time spent in this place.
 C = Inter-level travel time spent in this place.
 D = Time resting spent in this place.
 E = Time spent auto-exploring this place.
 F = Levels seen in this place.
 G = Mean time per level.
                   A        B        C        D        E       F      G
               +--------+--------+--------+--------+--------+-----+--------+
         Total |   2463 |   2411 |     52 |      0 |   2086 |   2 | 1231.5 |
       Dungeon |   2463 |   2411 |     52 |      0 |   2086 |   2 | 1231.5 |
               +--------+--------+--------+--------+--------+-----+--------+

Top non-repeatable levels by time:
     D:1: 1350 daAuts
     D:2: 1113 daAuts
